 Dungeon Crawl Stone Soup version 0.25-a0-479-g8579842fd4 (webtiles) character file.

Game seed: 10990775656622061765, levelgen mode: deterministic

539 Kohma the Charmwright (level 7, 0/50 HPs)
             Began as a Merfolk Skald on Feb 9, 2020.
             Was an Initiate of Kikubaaqudgha.
             Slain by Eustachio
             ... wielding a +2 falchion of electrocution
              (18 damage)
             ... on level 3 of the Dungeon.
             The game lasted 00:15:03 (4436 turns).

Kohma the Charmwright (Merfolk Skald)               Turns: 4436, Time: 00:15:03

Health: 0/50       AC:  6    Str: 11    XL:     7   Next: 26%
Magic:  8/12       EV: 13    Int: 14    God:    Kikubaaqudgha [......]
Gold:   153        SH:  0    Dex: 14    Spells: 4/12 levels left

rFire    + . .     SeeInvis .   a - +0 spear
rCold    . . .     Gourm    .   (no shield)
rNeg     . . .     Faith    .   m - +0 leather armour {rF+}
rPois    .         Spirit   .   z - +0 helmet
rElec    .         Reflect  .   (no cloak)
rCorr    .         Harm     .   i - +1 pair of gloves
MR       .....                  (no boots)
Stlth    +.........             (no amulet)
HPRegen  0.16/turn              (no ring)
MPRegen  0.13/turn              (no ring)

@: no status effects
A: change form in water, swift swim, stealthy swim
a: Renounce Religion


You were on level 3 of the Dungeon.
You worshipped Kikubaaqudgha.
Kikubaaqudgha was noncommittal.
You were not hungry.

You visited 2 branches of the dungeon, and saw 5 of its levels.

You collected 153 gold pieces.

Inventory:

Hand Weapons
 a - a +0 spear (weapon)
 b - a +0 vorpal hunting sling
Missiles
 g - 42 stones
 q - 7 javelins (quivered)
Armour
 i - a +1 pair of gloves (worn)
 m - a +0 leather armour of fire resistance (worn)
 z - a +0 helmet (worn)
Jewellery
 v - a +6 ring of intelligence {unknown}
Scrolls
 e - 3 scrolls of fog {unknown}
 f - a scroll of enchant weapon {unknown}
 j - 5 scrolls of identify {unknown}
 l - 3 scrolls of noise {unknown}
 n - 3 scrolls of remove curse {unknown}
 p - a scroll of immolation {unknown}
 r - 3 scrolls of teleportation {unknown}
 y - 3 scrolls of blinking {unknown}
Potions
 c - a potion of heal wounds {unknown}
 h - a potion of degeneration {unknown}
 k - 2 potions of haste {unknown}
 o - a potion of might {unknown}
 s - 2 potions of lignification
 t - 2 potions of curing
 u - a potion of magic {unknown}
 w - a potion of agility {unknown}
 x - a potion of cancellation {unknown}
Comestibles
 d - 5 rations


   Skills:
 - Level 2.1 Fighting
 - Level 5.2 Polearms
 - Level 0.6 Armour
 - Level 4.1 Dodging
 + Level 3.3 Spellcasting
 + Level 1.7 Hexes
 - Level 5.3 Charms
 + Level 1.3 Necromancy
 - Level 2.0 Translocations


You had 4 spell levels left.
You knew the following spells:

 Your Spells              Type           Power        Failure   Level  Hunger
a - Infusion              Chrm           ###.         3%          1    #......
b - Song of Slaying       Chrm           ###.....     4%          2    ##.....
c - Shroud of Golubria    Chrm/Tloc      ##....       9%          2    ##.....
d - Spectral Weapon       Hex/Chrm       ##......     19%         3    ###....

Your spell library contained the following spells:

 Spells                   Type           Power        Failure   Level  Hunger
 Ozocubu's Armour         Chrm/Ice       #.......     28%         3    ###....


Dungeon Overview and Level Annotations

Branches:
Dungeon (4/15)             Temple (1/1) D:4

Altars:
Ashenzari
Dithmenos
Fedhas
Gozag
Kikubaaqudgha
Nemelex Xobeh
Okawaru
Qazlal
Ru
Sif Muna
Trog
Vehumet
Wu Jian
Xom
Yredelemnul
Zin
The Shining One

Annotations:
D:3 Eustachio
D:4 Duvessa


Message History

The bat barely misses your spectral weapon.
The bat hits your spectral weapon. The quasit closely misses you.
The quasit claws you but does no damage. x2
The crimson imp blinks!
You hit Eustachio but do no damage.
Eustachio is heavily wounded.
Your spectral weapon hits Eustachio.
The bat misses your spectral weapon.
The bat hits your spectral weapon but does no damage.
The quasit barely misses you. The quasit closely misses you.
The quasit barely misses you. Eustachio hits you but does no damage.
The bat hits your spectral weapon but does no damage.
You hit Eustachio but do no damage.
Eustachio is severely wounded.
Your spectral weapon misses Eustachio.
The bat closely misses your spectral weapon.
The quasit barely misses you. The quasit misses you.
The quasit barely misses you. The bat misses your spectral weapon.
Eustachio hits you but does no damage.
You are electrocuted!!
You die...
Kikubaaqudgha rasps: "You have failed me!
Welcome... death!"

##### #...#
###########...#
##.........#...###
#@5(..............
##@b§............#
#r............#.#
#......5......#.#
#................
##########.###...
#.# #... #.# #...
###.###...


You could see Eustachio, a quasit, a crimson imp, a river rat, a bat and a
friendly spectral +0 spear.

Vanquished Creatures
  2 phantoms
  An ogre (D:4)
  A scorpion (D:4)
  A howler monkey (D:4)
  Natasha (twice) (D:4)
  A hound skeleton (D:4)
  5 adders
  2 worms (D:2)
  A dart slug (D:2)
  3 leopard geckos
  2 orcs (D:3)
  2 giant cockroaches (D:1)
  12 goblins
  8 hobgoblins
  6 jackals
  2 kobolds
  5 quokkas
  3 ball pythons
  9 bats
  6 frilled lizards
  A quokka skeleton (D:4)
  9 rats
84 creatures vanquished.

Vanquished Creatures (others)
  A spectral weapon (D:4)
1 creature vanquished.

Grand Total: 85 creatures vanquished

Notes
Turn   | Place    | Note
-------+----------+-------------------------------------------
     0 | D:1      | Kohma the Merfolk Skald began the quest for the Orb.
     0 | D:1      | Reached XP level 1. HP: 16/16 MP: 3/3
   301 | D:1      | Reached XP level 2. HP: 15/22 MP: 0/5
   505 | D:1      | Learned a level 2 spell: Song of Slaying
   508 | D:1      | Learned a level 2 spell: Shroud of Golubria
   794 | D:1      | Reached XP level 3. HP: 27/27 MP: 4/6
  1696 | D:2      | Reached XP level 4. HP: 30/33 MP: 3/7
  2343 | D:3      | Reached skill level 1 in Translocations
  2845 | D:3      | Reached XP level 5. HP: 38/38 MP: 5/8
  2879 | D:3      | Learned a level 3 spell: Spectral Weapon
  2983 | D:3      | Found a basalt altar of Yredelemnul.
  3114 | D:4      | Found a staircase to the Ecumenical Temple.
  3119 | D:4      | Noticed a phantom
  3130 | D:4      | Noticed an ogre
  3149 | D:4      | Killed an ogre
  3149 | D:4      | Reached skill level 5 in Polearms
  3166 | Temple   | Entered the Ecumenical Temple
  3230 | Temple   | Became a worshipper of Kikubaaqudgha
  3258 | D:4      | Reached XP level 6. HP: 10/44 MP: 0/9
  3491 | D:4      | Killed a phantom
  3491 | D:4      | Reached skill level 5 in Charms
  3606 | D:4      | Noticed Natasha
  3630 | D:4      | Killed Natasha
  3675 | D:4      | Noticed Natasha
  3688 | D:4      | Killed Natasha
  3803 | D:4      | Reached skill level 1 in Hexes
  3803 | D:4      | Reached XP level 7. HP: 34/50 MP: 11/11
  3808 | D:4      | Noticed Duvessa
  3964 | D:4      | Noticed Eustachio
  4040 | D:3      | Reached skill level 1 in Necromancy
  4436 | D:3      | Slain by Eustachio

Levels and vault maps discovered:
D:1:      dpeg_arrival_windows_large_door, layout_basic
D:2:      layout_basic
D:3:      layout_basic, lemuel_coloured_pillars_altar, first_ration
D:4:      layout_basic, minmay_temple_entry_ruins, kennysheep_generic_room_2,
          uniq_pikel, uniq_natasha, uniq_duvessa, uniq_ijyb, uniq_eustachio
Temple:   nicolae_temple_x_marks_the_god

Skill      XL: |  1  2  3  4  5  6  7 |
---------------+----------------------+-----
Dodging        | 3 4 |  4.1
Polearms       | 4 5 |  5.2
Charms         | 4 5 |  5.3
Translocations | 1 2 |  2.0
Spellcasting   | 3 |  3.3
Hexes          | 1 |  1.7
Necromancy     | 1 |  1.3
Fighting       | |  2.1
Armour         | |  0.6

Action                   |  1- 3 |  4- 6 |  7- 9 || total
-------------------------+-------+-------+-------++-------
Melee: Spear             |   149 |   198 |    44 ||   391
Throw: Javelin           |       |     6 |       ||     6
 Cast: Infusion          |    10 |     4 |     2 ||    16
       Shroud of Golubri |       |     6 |     3 ||     9
       Song of Slaying   |       |     1 |       ||     1
       Spectral Weapon   |       |     2 |     2 ||     4
  Use: Potion            |       |     1 |     1 ||     2
  Eat: Chunk             |     3 |     8 |       ||    11
       Ration            |       |       |     1 ||     1
Armor: Leather armour    |    35 |    45 |    17 ||    97
       Skin              |       |       |     6 ||     6
Dodge: Dodged            |    79 |   105 |    34 ||   218

Table legend:
 A = Non-vault XP
 B = Vault XP
 C = Vault XP percentage of total XP
 D = Non-vault monster count
 E = Vault monster count
 F = Vault count percentage of total count
                 A         B        C        D         E       F
            +---------+---------+-------+---------+---------+-------
      Total |     723 |      48 |   6.2 |      82 |       2 |   2.4
            +---------+---------+-------+---------+---------+-------
        D:1 |      49 |       0 |   0.0 |      27 |       0 |   0.0
        D:2 |      63 |       0 |   0.0 |      26 |       0 |   0.0
        D:3 |     195 |       0 |   0.0 |      20 |       0 |   0.0
        D:4 |     416 |      48 |  10.3 |       9 |       2 |  18.2
            +---------+---------+-------+---------+---------+-------
